 Dungeon Crawl Stone Soup version 0.30-a0-1043-g60ff8d5f49 (webtiles) character file.

Game seed: 17290313541204359899

65 Maxmaps the Ducker (level 3, 0/29 HPs)
             Began as a Demonspawn Monk on Apr 10, 2023.
             Succumbed to an adder's poison
             ... on level 2 of the Dungeon.
             The game lasted 00:02:00 (1422 turns).

Maxmaps the Ducker (Demonspawn Monk)                Turns: 1422, Time: 00:02:00

Health: 0/29       AC:  8    Str: 11    XL:     3   Next: 94%
Magic:  3/3        EV: 11    Int: 13    God:
Gold:   171        SH:  0    Dex: 15    Spells: 2/2 levels left

rFire   . . .      SeeInvis .      - Unarmed
rCold   . . .      Faith    .    (no shield)
rNeg    . . .      Spirit   .    k - +0 ring mail
rPois   .          Reflect  .    (no helmet)
rElec   .          Rampage  .    (no cloak)
rCorr   .                        i - +0 pair of gloves
Will    .....                    (no boots)
Stlth   +                        (no amulet)
HPRegen 0.24/turn                (no ring)
MPRegen 0.08/turn                (no ring)

@: lethally poisoned (0 -> -1)
A: yellow scales 1
a: no special abilities


You were on level 2 of the Dungeon.
You visited 1 branch of the dungeon, and saw 3 of its levels.

You collected 171 gold pieces.

Inventory:

Armour
 i - a +0 pair of gloves (worn)
 k - a +0 ring mail (worn)
Wands
 m - a wand of charming (2)
 n - a wand of iceblast (5)
Scrolls
 a - 2 scrolls of fog {unknown}
 c - 3 scrolls of teleportation {unknown}
 f - 2 scrolls of enchant weapon {unknown}
 g - a scroll of noise {unknown}
 h - a scroll of immolation {unknown}
 l - 2 scrolls of identify {unknown}
 o - a scroll of fear {unknown}
Potions
 b - 3 potions of ambrosia
 d - a potion of cancellation {unknown}
 e - a potion of flight {unknown}
 j - a potion of mutation {unknown}


   Skills:
 - Level 3.0 Fighting
 + Level 4.1 Dodging
 - Level 1.7 Stealth
 - Level 3.1 Unarmed Combat


You had 2 spell levels left.
You didn't know any spells.
Your spell library contained the following spells:

 Spells                   Type           Power      Damage    Failure   Level
 Static Discharge         Conj/Air       0%         2-2/arc   75%         2
 Ozocubu's Armour         Ice            0%         N/A       92%         3
 Airstrike                Air            0%         2d(0-16)  100%        4
 Summon Lightning Spire   Summ/Air       0%         N/A       100%        4
 Alistair's Intoxication  Tmut/Pois      0%         N/A       100%        5
 Borgnjor's Vile Clutch   Necr/Erth      0%         N/A       100%        5
 Fireball                 Conj/Fire      0%         3d3       100%        5
 Iskenderun's Battlesphe  Conj           0%         2d6       100%        5
 Metabolic Englaciation   Hex/Ice        0%         N/A       100%        5
 Conjure Ball Lightning   Conj/Air       0%         3x3d6     100%        6
 Eringya's Noxious Bog    Tmut/Pois      0%         N/A       100%        6
 Simulacrum               Ice/Necr       0%         N/A       100%        6
 Orb of Destruction       Conj           0%         9d5       100%        7


Dungeon Overview and Level Annotations

Branches:
Dungeon (3/15)

Altars:

Shops:
D:1 [((


Innate Abilities, Weirdness & Mutations

You are partially covered in yellow scales. (AC +2)


Message History

You feel sick. The adder bites you but does no damage.
The orc hits you but does no damage. x2
You are too injured to fight recklessly!
Unknown command.
The orc attacks as you move away! The orc completely misses you.
You feel sick. The orc hits you but does no damage.
You feel sick. The adder bites you but does no damage.
The orc attacks as you move away! The orc barely misses you.
The adder attacks as you move away! The adder closely misses you.
You feel sick. The orc attacks as you move away!
The orc hits you but does no damage.
You feel sick.
You are no longer poisoned.
The adder bites you.
* * * LOW HITPOINT WARNING * * *
The goblin shouts!
The adder attacks as you move away! The adder barely misses you.
The goblin barely misses you. The orc attacks as you move away!
The orc closely misses you. The adder barely misses you.
The goblin hits you but does no damage. The adder attacks as you move away!
The adder bites you but does no damage.
There is an open door here.
The adder bites you.
* * * LOW HITPOINT WARNING * * *
The adder bites you but does no damage. The adder attacks as you move away!
The adder misses you. The adder attacks as you move away!
The adder bites you but does no damage. The adder bites you.
* * * LOW HITPOINT WARNING * * *
You are poisoned.
The adder poisons you! The adder attacks as you move away!
The adder closely misses you.
You feel sick.
A gnoll comes into view. It is wielding a +0 halberd.
You feel sick.
There is a stone staircase leading up here.
You feel sick. The adder misses you. The adder bites you.
* * * LOW HITPOINT WARNING * * *
You climb upwards.
You die...

######## #......# ########
#......# #......# #......#
##).....# #.....(## #.......# ###
#.......######.......# ..#
#....................# ..#
#..............##.####
..#######.......@......#.....##
.......######..S....###.......###
.#####....###.####...............
.##..........(####..##...........
.##.......###.....<.##...........
.......<..######..#..............
.................................
.##.......####....####...........
.##........# #....# #...........


You could see an adder.

Vanquished Creatures
  2 adders (D:2)
  2 dart slugs
  6 bats
  2 endoplasms (D:1)
  A giant cockroach (D:1)
  2 goblins
  5 hobgoblins (D:2)
  4 jackals (D:1)
  2 quokkas
  5 ball pythons
  2 frilled lizards
  4 kobolds
  4 rats
41 creatures vanquished.

Notes
Turn   | Place    | Note
-------+----------+-------------------------------------------
     0 | D:1      | Maxmaps the Demonspawn Monk began the quest for the Orb.
     0 | D:1      | Reached XP level 1. HP: 18/18 MP: 1/1
   101 | D:1      | Gained mutation: You are partially covered in yellow
                  | scales. (AC +2) [demonic ancestry]
   101 | D:1      | Reached XP level 2. HP: 24/24 MP: 2/2
   122 | D:1      | Reached skill level 3 in Dodging
   361 | D:1      | You fall into a shaft and drop 1 floor!
   398 | D:1      | Found Kuorifoz's Weapon Shoppe.
   416 | D:1      | Found Datenihe's Antique Armour Boutique.
   496 | D:1      | Found a faded altar of an unknown god.
   509 | D:1      | Found Utaelunk's Weapon Shop.
   698 | D:2      | Reached XP level 3. HP: 29/29 MP: 3/3
  1077 | D:2      | Reached skill level 4 in Dodging
  1421 | D:3      | HP: 1/29 [adder (3)]
  1422 | D:2      | Succumbed to an adder's poison

Illustrated notes

Levels and vault maps discovered:
D:1:      tekkud_arrival_beachfront_property, layout_rooms,
          shapermc_ecumenical_altar_venn, serial_shops, nicolae_shop_crystal,
          shop_statue, nicolae_lakefront_shop
D:2:      layout_rooms
D:3:      layout_basic, uniq_terence

Skill      XL: |  1  2  3 |
---------------+----------+-----
Unarmed Combat | 3 |  3.1
Dodging        | 3 4 |  4.1
Fighting       | |  3.0
Stealth        | |  1.7

Action                     || total
---------------------------++-------
  Melee: Unarmed           ||   160
         Punch             ||     3
   Stab: Distracted        ||     1
 Armour: Robe              ||    13
         Leather armour    ||    23
         Ring mail         ||    40
  Dodge: Dodged            ||   135

Table legend: (Time is in decaauts)
 A = Elapsed time spent in this place.
 B = Non-inter-level travel time spent in this place.
 C = Inter-level travel time spent in this place.
 D = Time resting spent in this place.
 E = Time spent auto-exploring this place.
 F = Levels seen in this place.
 G = Mean time per level.
                   A        B        C        D        E       F      G
               +--------+--------+--------+--------+--------+-----+--------+
         Total |   1412 |   1388 |     24 |      0 |    950 |   3 |  470.7 |
       Dungeon |   1412 |   1388 |     24 |      0 |    950 |   3 |  470.7 |
               +--------+--------+--------+--------+--------+-----+--------+

Top non-repeatable levels by time:
     D:1: 645 daAuts
     D:2: 495 daAuts
     D:3: 271 daAuts
